 Dungeon Crawl Stone Soup version 0.30-a0-368-g86fb4627a9 (webtiles) character file.

Game seed: 7273211417986870433

212 Maxmaps the Trooper (level 5, -8/44 HPs)
             Began as a Demonspawn Monk on Nov 20, 2022.
             Mangled by an iguana (10 damage)
             ... on level 4 of the Dungeon.
             The game lasted 00:02:46 (2621 turns).

Maxmaps the Trooper (Demonspawn Monk)               Turns: 2621, Time: 00:02:46

Health: -8/44      AC: 12    Str: 12    XL:     5   Next: 58%
Magic:  5/5        EV: 16    Int: 13    God:
Gold:   157        SH:  4    Dex: 17    Spells: 4/4 levels left

rFire   . . .      SeeInvis .    n - +1 dagger (elec)
rCold   . . .      Faith    .    (no shield)
rNeg    . . .      Spirit   .    e - +0 ring mail
rPois   .          Reflect  .    m - +0 helmet
rElec   .          Harm     .    p - +1 cloak
rCorr   .          Rampage  .    (no gloves)
Will    .....                    (no boots)
Stlth   ++........               (no amulet)
HPRegen 0.27/turn                j - +4 ring of protection
MPRegen 0.09/turn                (no ring)

@: agile
A: thin skeletal structure 1, powered by pain 1, condensation shield
a: no special abilities


You were on level 4 of the Dungeon.
You visited 1 branch of the dungeon, and saw 5 of its levels.

You collected 157 gold pieces.

Inventory:

Hand Weapons
 a - a +0 falchion
 n - a +1 dagger of electrocution (weapon)
Armour
 e - a +0 ring mail (worn)
 m - a +0 helmet (worn)
 p - a +1 cloak (worn)
Jewellery
 j - a +4 ring of protection (left hand)
Wands
 l - a wand of quicksilver (7)
Scrolls
 b - 2 scrolls of enchant weapon
 d - 2 scrolls of enchant armour {unknown}
 h - a scroll of blinking {unknown}
 i - 4 scrolls of identify {unknown}
 k - a scroll of magic mapping {unknown}
 o - a scroll of fear {unknown}
 q - 3 scrolls of brand weapon {unknown}
Potions
 c - a potion of ambrosia
 f - a potion of brilliance {unknown}
 g - 2 potions of curing {unknown}
 r - a potion of magic {unknown}
 s - a potion of berserk rage {unknown}


   Skills:
 - Level 5.1 Fighting
 + Level 4.3 Long Blades
 - Level 2.6 Dodging
 - Level 1.7 Stealth


You had 4 spell levels left.
You didn't know any spells.
Your spell library contained the following spells:

 Spells                   Type           Power      Damage    Failure   Level
 Dazzling Flash           Conj/Hex       0%         N/A       91%         3
 Ignite Poison            Fire/Tmut/Pois 0%         N/A       91%         3
 Iskenderun's Mystic Bla  Conj/Tloc      0%         2d3       100%        4
 Sticky Flame             Conj/Fire      0%         2d3       100%        4
 Starburst                Conj/Fire      0%         6d3       100%        6
 Ignition                 Fire           0%         3d3       100%        8


Dungeon Overview and Level Annotations

Branches:
Dungeon (5/15)
 Temple: D:4-7

Altars:


Innate Abilities, Weirdness & Mutations

You have a somewhat thin skeletal structure. (Dex +2, Stealth+)
You sometimes gain a little power by taking damage.
A meltable shield of frost defends you. (SH +4)


Message History

Your +0 dagger of electrocution glows red for a moment.
The iguana hisses angrily.
Okay, then.
The endoplasm quivers.
The hound bites you but does no damage. x2
You closely miss the hound. The hound bites you but does no damage.
You closely miss the hound. The hound bites you but does no damage.
A giant cockroach comes into view.
You hit the hound.
The hound is moderately wounded.
The hound bites you but does no damage. The hound attacks as you move away!
The hound closely misses you. The iguana bites you!
The hound bites you but does no damage.
There is a stone staircase leading down here.
You closely miss the hound.
The hound is moderately wounded.
You block the hound's attack. The endoplasm barely misses you.
The iguana bites you!
You barely miss the hound.
The hound is moderately wounded.
The hound bites you. The iguana bites you. The endoplasm freezes you.
You are frozen.
You hit the iguana but do no damage. The hound bites you but does no damage.
You block the endoplasm's attack. The hound bites you but does no damage.
The iguana closely misses you.
You completely miss the iguana. The hound bites you but does no damage.
Unknown command.
You hit the iguana but do no damage. Lightning courses through the iguana!
The iguana is severely wounded.
The endoplasm freezes you.
You are frozen.
* * * LOW HITPOINT WARNING * * *
The iguana bites you!
* * * LOW HITPOINT WARNING * * *
You focus on the pain.
You feel agile all of a sudden. The hound barely misses you.
The iguana attacks as you move away! The iguana bites you!
You die...

....###....
..........
..<.......
#........# (.
#........#
...###........#
.......B.....#
......lhJ....##
.....##@.......
... #........ .
###......
...... #.....
..... .....
....


You could see an iguana, a hound, an endoplasm and a giant cockroach.

Vanquished Creatures
  An iguana (D:3)
  4 gnolls (D:3)
  8 adders
  2 worms
  3 dart slugs
  4 bats
  5 endoplasms
  5 giant cockroaches
  7 goblins
  4 hobgoblins
  7 kobolds
  3 quokkas (D:2)
  4 ball pythons
  5 frilled lizards
  10 rats
72 creatures vanquished.

Notes
Turn   | Place    | Note
-------+----------+-------------------------------------------
     0 | D:1      | Maxmaps the Demonspawn Monk began the quest for the Orb.
     0 | D:1      | Reached XP level 1. HP: 18/18 MP: 1/1
    96 | D:1      | Gained mutation: You sometimes gain a little power by
                  | taking damage. [demonic ancestry]
    96 | D:1      | Reached XP level 2. HP: 15/24 MP: 2/2
   711 | D:1      | Reached skill level 4 in Fighting
   830 | D:2      | Gained mutation: You have a somewhat thin skeletal
                  | structure. (Dex +2, Stealth+) [demonic ancestry]
   830 | D:2      | Reached XP level 3. HP: 30/30 MP: 3/3
  1166 | D:2      | Reached XP level 4. HP: 38/38 MP: 4/4
  1294 | D:2      | Reached skill level 5 in Fighting
  2075 | D:3      | Found a faded altar of an unknown god.
  2159 | D:3      | Gained mutation: A meltable shield of frost defends you.
                  | (SH +4) [demonic ancestry]
  2159 | D:3      | Reached XP level 5. HP: 20/44 MP: 5/5
  2577 | D:3      | You fall into a shaft and drop 2 floors!
  2577 | D:5      | Entered Level 5 of the Dungeon
  2620 | D:4      | HP: 2/44 [iguana (11)]
  2621 | D:4      | Mangled by an iguana

Illustrated notes

Levels and vault maps discovered:
D:1:      mushboom_english_gardens, layout_basic
D:2:      layout_basic, basic_altar, minmay_tromino_i2
D:3:      layout_basic, shapermc_ecumenical_altar_mp_highgroup, uniq_grinder
D:4:      layout_cave_pools, portal_sewer_entry_f,
          nicolae_ossuary_entry_catacombs, grunt_ministairs_11,
          hangedman_abyss_or_decor_slice, minmay_surrounded
D:5:      layout_cave_pools, kiku_gazebo_pond_becter, minmay_misc_feat_tower

Skill      XL: |  1  2  3  4  5 |
---------------+----------------+-----
Fighting       | 4 5 |  5.1
Long Blades    | 3 4 |  4.3
Dodging        | |  2.6
Stealth        | |  1.7

Action                   |  1- 3 |  4- 6 || total
-------------------------+-------+-------++-------
Melee: Falchion          |    95 |    30 ||   125
       Dagger            |       |   113 ||   113
  Use: Scroll            |       |     1 ||     1
 Stab: Sleeping          |     2 |     7 ||     9
Armor: Robe              |     4 |       ||     4
       Ring mail         |    21 |    60 ||    81
Dodge: Dodged            |    63 |    74 ||   137
Block: Other             |       |     7 ||     7

Table legend: (Time is in decaauts)
 A = Elapsed time spent in this place.
 B = Non-inter-level travel time spent in this place.
 C = Inter-level travel time spent in this place.
 D = Time resting spent in this place.
 E = Time spent auto-exploring this place.
 F = Levels seen in this place.
 G = Mean time per level.
                   A        B        C        D        E       F      G
               +--------+--------+--------+--------+--------+-----+--------+
         Total |   2629 |   2551 |     78 |    225 |   1675 |   5 |  525.8 |
       Dungeon |   2629 |   2551 |     78 |    225 |   1675 |   5 |  525.8 |
               +--------+--------+--------+--------+--------+-----+--------+

Top non-repeatable levels by time:
     D:2: 1100 daAuts
     D:1: 824 daAuts
     D:3: 662 daAuts
     D:5: 31 daAuts
     D:4: 10 daAuts
